 Dungeon Crawl Stone Soup version 0.26-a0-660-gc07710193c (webtiles) character file.

Game seed: 17698023924128325319

5079 marklar909 the Slinger (level 10, -14/65 HPs)
             Began as a Kobold Monk on Oct 5, 2020.
             Was an Elder of Dithmenos.
             Demolished by a large abomination (21 damage)
             ... on level 1 of the Abyss.
             The game lasted 00:24:38 (14981 turns).

marklar909 the Slinger (Kobold Monk)               Turns: 14981, Time: 00:24:38

Health: -14/65     AC:  9    Str: 10    XL:     10   Next: 86%
Magic:  10/10      EV: 22    Int: 11    God:    Dithmenos [****..]
Gold:   444        SH:  0    Dex: 26    Spells: 9/9 levels left

rFire    . . .     SeeInvis .   a - +0 arbalest
rCold    + . .     Faith    .   (shield currently unavailable)
rNeg     + . .     Spirit   .   J - +1 robe "Fipeideth" {rPois Dex+6}
rPois    +         Reflect  .   y - +2 helmet
rElec    .         Harm     .   q - +2 cloak
rCorr    .         Rampage  .   (no gloves)
MR       .....                  (no boots)
Stlth    +++++++...             (no amulet)
HPRegen  0.20/turn              g - ring of positive energy
MPRegen  0.12/turn              E - ring of protection from cold

@: wreathed by umbra
A: small, nightstalker 3
a: Shadow Step, Renounce Religion


You were on level 1 of the Abyss.
You worshipped Dithmenos.
Dithmenos was greatly pleased with you.
You visited 1 branch of the dungeon, and saw 10 of its levels.
You visited the Abyss 1 time.
You also visited: Ossuary.

You collected 543 gold pieces.
You spent 99 gold pieces at shops.

Inventory:

Hand Weapons
 a - a +0 arbalest (weapon)
 b - a +1 dagger of electrocution
Missiles
 e - 43 bolts (quivered)
 o - 68 sling bullets
 p - 201 stones
Armour
 q - a +2 cloak (worn)
 s - a +3 leather armour
 y - a +2 helmet (worn)
 J - the +1 robe "Fipeideth" (worn) {rPois Dex+6}
   (You found it on level 7 of the Dungeon)

   It affects your dexterity (+6).
   It protects you from poison.
 K - a +0 buckler
Jewellery
 f - a cursed ring of teleportation {unknown}
 g - a ring of positive energy (left hand)
 l - an uncursed ring of positive energy
 E - a ring of protection from cold (right hand)
Wands
 d - a wand of polymorph (2)
 h - a wand of flame (2)
 j - a wand of paralysis (3)
 k - a wand of acid (3)
Scrolls
 u - a scroll of fog
 w - 2 scrolls of identify
 x - 9 scrolls of remove curse
Potions
 c - 2 potions of brilliance
 i - 2 potions of berserk rage
 n - 6 potions of flight
 r - 3 potions of haste
 t - a potion of cancellation
 v - 3 potions of ambrosia
 z - 2 potions of mutation
 A - a potion of heal wounds {unknown}
 B - 2 potions of lignification {unknown}
 C - 2 potions of magic {unknown}
 G - a potion of invisibility {unknown}
 I - 2 potions of curing


   Skills:
 + Level 8.7 Fighting
 + Level 8.5 Short Blades
   Level 9.5 Slings
 * Level 1.0 Crossbows
 + Level 0.4(6.5) Throwing
 + Level 3.2 Armour
 + Level 7.2 Dodging
 + Level 5.6 Stealth
 + Level 0.3 Evocations


You had 9 spell levels left.
You didn't know any spells.
Your spell library contained the following spells:

 Spells                   Type           Power        Failure   Level
 Animate Skeleton         Necr           #.....       34%         1
 Apportation              Tloc           #.....       34%         1
 Corona                   Hex            #......      34%         1
 Freeze                   Ice            #...         34%         1
 Summon Small Mammal      Summ           #...         34%         1
 Frozen Ramparts          Ice            #.....       71%         3
 Ozocubu's Armour         Ice            #.......     71%         3
 Hailstorm                Conj/Ice       #.......     98%         4
 Summon Ice Beast         Ice/Summ       #.......     98%         4


Dungeon Overview and Level Annotations

Branches:
Dungeon (10/15)            Temple (0/1) D:4         Ossuary (visited)
   Lair: D:8-11         Orc: D:9-12

Altars:
Cheibriados
Dithmenos
Elyvilon
Fedhas
Kikubaaqudgha
Makhleb
Okawaru
Sif Muna
Trog
Uskayaw
Wu Jian
Xom
Zin
The Shining One

Shops:
D:7 (

Annotations:
D:10 Gastronok, Nergalle


Innate Abilities, Weirdness & Mutations

You are small and have problems with some larger weapons.
You are completely attuned to the shadows.


Message History

The large abomination is severely damaged.
The large abomination misses you.
Firing (i - inventory. (/) - cycle)
e - 45 bolts (quivered)
Press: ? - help, Shift-Dir - straight line, f/p - large abomination
Aim: a large abomination (black smoke, severely damaged, umbra)
You shoot a bolt. The bolt hits the large abomination.
The large abomination is almost destroyed.
A tentacled starspawn comes into view.
The large abomination misses you.
The tentacled starspawn barely misses you.
The tentacled starspawn closely misses you.
The large abomination hits you!!
* * * LOW HITPOINT WARNING * * *
Firing (i - inventory. (/) - cycle)
e - 44 bolts (quivered)
Press: ? - help, Shift-Dir - straight line, f/p - large abomination
Aim: a large abomination (black smoke, almost destroyed, umbra)
You shoot a bolt.
The bolt closely misses the large abomination.
The large abomination hits you!!
You die... . .( ###ยง(# #@X# #X### ##

You could see a tentacled starspawn and a large abomination.

Vanquished Creatures
  Maurice (D:9)
  A water moccasin (D:6)
  3 sky beasts
  A hornet zombie (D:10)
  4 orc warriors
  3 ice beasts
  A necrophage (D:9)
  5 ogres
  3 centaurs
  A big kobold (D:8)
  7 bullfrogs
  A gnoll sergeant (D:7)
  A wyvern zombie (D:8)
  2 elf zombies (Ossuary)
  2 elf skeletons (D:5)
  2 scorpions (D:7)
  8 killer bees (D:7)
  3 wights (D:9)
  5 howler monkeys
  5 hounds
  2 bullfrog zombies
  3 human zombies
  2 jellies (D:5)
  2 orc wizards (D:4)
  An orc priest (D:7)
  A bullfrog skeleton (D:9)
  A centaur zombie (D:10)
  A centaur skeleton (D:6)
  Jessica (D:2)
  2 human skeletons (D:5)
  6 worker ants
  4 iguanas
  A killer bee zombie (D:8)
  A big kobold zombie (Ossuary)
  A hound skeleton (D:4)
  4 mummies (Ossuary)
  Robin (D:2)
  4 gnolls
  10 adders
  2 shadow imps
  3 white imps (D:9)
  2 ufetubi
  3 oozes
  2 adder zombies (Ossuary)
  An adder skeleton (D:9)
  2 worms
  A dart slug (D:2)
  3 leopard geckos
  23 orcs
  4 giant cockroaches
  10 goblins
  11 hobgoblins
  7 jackals
  5 quokkas
  3 ball pythons
  8 bats
  6 frilled lizards
  2 hobgoblin zombies (Ossuary)
  9 kobolds
  A kobold zombie (Ossuary)
  An orc skeleton (D:5)
  2 quokka skeletons
  9 rats
  2 rat zombies (Ossuary)
229 creatures vanquished.

Vanquished Creatures (others)
  8 plants
8 creatures vanquished.

Grand Total: 237 creatures vanquished

Notes
Turn   | Place    | Note
-------+----------+-------------------------------------------
     0 | D:1      | marklar909 the Kobold Monk began the quest for the Orb.
     0 | D:1      | Reached XP level 1. HP: 14/14 MP: 1/1
   188 | D:1      | Reached XP level 2. HP: 19/19 MP: 2/2
   685 | D:1      | Reached XP level 3. HP: 23/23 MP: 3/3
  1038 | D:2      | Noticed Jessica
  1041 | D:2      | Killed Jessica
  1041 | D:2      | Reached XP level 4. HP: 29/29 MP: 4/4
  1213 | D:2      | You fall into a shaft and drop 1 floor!
  1326 | D:2      | Reached skill level 5 in Short Blades
  1617 | D:2      | Found a shadowy altar of Dithmenos.
  1648 | D:2      | Became a worshipper of Dithmenos the Shadowed
  1648 | D:2      | Reached * piety under Dithmenos
  1648 | D:2      | Reached ** piety under Dithmenos
  1695 | D:2      | Reached XP level 5. HP: 18/33 MP: 5/5
  2034 | D:2      | Noticed Robin
  2083 | D:2      | Killed Robin
  2625 | D:2      | Reached skill level 1 in Slings
  2897 | D:3      | Found a snail-covered altar of Cheibriados.
  3119 | D:3      | Found an ancient bone altar of Kikubaaqudgha.
  3186 | D:3      | You fall into a shaft and drop 1 floor!
  3253 | D:4      | Found a blossoming altar of Fedhas.
  3253 | D:4      | Noticed an ogre
  3275 | D:4      | Reached skill level 2 in Slings
  3275 | D:4      | Reached XP level 6. HP: 38/38 MP: 6/6
  3404 | D:4      | Killed an ogre
  3499 | D:4      | Reached skill level 5 in Dodging
  3614 | D:4      | Reached skill level 3 in Slings
  3674 | D:4      | Reached XP level 7. HP: 44/44 MP: 7/7
  3722 | D:4      | Reached *** piety under Dithmenos
  3748 | D:4      | Reached skill level 5 in Fighting
  3876 | D:4      | Found a staircase to the Ecumenical Temple.
  3989 | D:4      | Reached skill level 4 in Slings
  5102 | D:5      | Entered Level 5 of the Dungeon
  5125 | D:5      | Reached skill level 5 in Slings
  5125 | D:5      | Reached XP level 8. HP: 50/50 MP: 8/8
  5395 | D:5      | Found a sand-covered staircase.
  5421 | Ossuary  | Entered an ossuary
  5547 | Ossuary  | Reached skill level 6 in Slings
  6113 | D:5      | Reached **** piety under Dithmenos
  6716 | D:5      | Reached XP level 9. HP: 56/56 MP: 9/9
  7216 | D:6      | Reached skill level 7 in Slings
  7216 | D:6      | Reached skill level 1 in Armour
  7705 | D:6      | Found a burning altar of Makhleb.
  7870 | D:7      | You fall into a shaft and drop 3 floors!
  7870 | D:10     | Entered Level 10 of the Dungeon
  7914 | D:10     | Noticed a gargoyle
  7961 | D:10     | Noticed Nergalle
  8821 | D:10     | Noticed Gastronok
  9070 | D:9      | Reached skill level 8 in Slings
  9127 | D:9      | Noticed Maurice
  9435 | D:9      | Reached XP level 10. HP: 59/63 MP: 10/10
  9986 | D:9      | Found a bloodstained altar of Trog.
  9986 | D:9      | Found an iron altar of Okawaru.
 10780 | D:9      | Killed Maurice
 11263 | D:8      | Noticed a two-headed ogre
 11599 | D:7      | Reached skill level 5 in Stealth
 11656 | D:7      | Reached skill level 9 in Slings
 11921 | D:7      | Got a wizard robe
 11932 | D:7      | Identified the +1 robe "Fipeideth" {rPois Dex+6} (You found
                  | it on level 7 of the Dungeon)
 12123 | D:7      | Found an ornate altar of the Wu Jian Council.
 12177 | D:7      | Found a hide-covered altar of Uskayaw.
 12284 | D:7      | Found a shimmering altar of Xom.
 13677 | D:7      | Found a glowing silver altar of Zin.
 13677 | D:7      | Found a white marble altar of Elyvilon.
 13678 | D:7      | Found a glowing golden altar of the Shining One.
 13710 | D:7      | Found Xamuruekk's Weapon Emporium.
 13892 | D:7      | Bought 23 bolts for 50 gold pieces
 13892 | D:7      | Bought a +0 arbalest for 49 gold pieces
 14660 | D:8      | Found a shimmering blue altar of Sif Muna.
 14683 | D:8      | Reached skill level 1 in Crossbows
 14686 | D:8      | Cast into level 1 of the Abyss (orc wizard)
 14755 | Abyss:1  | Noticed a great orb of eyes
 14980 | Abyss:1  | Noticed a tentacled starspawn
 14981 | Abyss:1  | Demolished by a large abomination

Illustrated notes

Levels and vault maps discovered:
D:1:      lemuel_arrival_muddy, layout_basic, amethyst_killhole,
          minmay_crystal_water, minmay_splitting_lines, minivault_24,
          minmay_misc_feat_plants
D:2:      layout_loops_ring, nicolae_dithmenos_shadow_blocks,
          serial_bayou_ford_a, minmay_pentomino_q4, uniq_robin, uniq_jessica
D:3:      layout_rooms, kiku_gazebo_pond_becter, lemuel_crystal_altar,
          portal_sewer_entry_e, chequers_ecumenical_altar_simple_redux
D:4:      layout_loops_corners, minmay_temple_entry_sparse_star,
          minmay_ruined_shrine
D:5:      layout_layer_cave, nicolae_ossuary_entry_catacombs
D:6:      layout_basic, lemuel_round_altar
D:7:      cheibrodos_quashed, layout_loops_ring, good_gods_mini_temple,
          grunt_temple_overflow_open, serial_shops, shop
D:8:      layout_basic, basic_altar, minmay_lizard_king
D:9:      layout_irregular_city, grunt_temple_overflow_bloody_war, uniq_maurice
D:10:     layout_big_octagon, serial_shops, shop, uniq_gastronok, uniq_nergalle,
          uniq_psyche
Abyss:1:  base:
D:3

Skill      XL: |  1  2  3  4  5  6  7  8  9 10 |
---------------+-------------------------------+-----
Dodging        | 4 5 6 7 |  7.2
Stealth        | 3 4 5 |  5.6
Short Blades   | 5 6 7 8 |  8.5
Fighting       | 4 5 6 7 8 |  8.7
Slings         | 2 3 5 6 8 9 |  9.5
Armour         | 2 3 |  3.2
Crossbows      | 1 |  1.0
Throwing       | |  0.4
Evocations     | |  0.3

Action                   |  1- 3 |  4- 6 |  7- 9 | 10-12 || total
-------------------------+-------+-------+-------+-------++-------
Melee: Short sword       |    54 |     3 |       |       ||    57
       Dagger            |       |   111 |   248 |   224 ||   583
       Hunting sling     |       |       |     5 |       ||     5
 Fire: Hunting sling     |       |   113 |   336 |   253 ||   702
       Arbalest          |       |       |       |    35 ||    35
Throw: Stone             |       |       |       |     6 ||     6
Evoke: Wand              |       |       |     6 |       ||     6
  Use: Scroll            |       |       |     6 |    15 ||    21
       Potion            |       |       |     1 |     1 ||     2
 Stab: Sleeping          |     9 |     4 |     5 |     1 ||    19
       Distracted        |       |     1 |       |       ||     1
Armor: Robe              |     6 |    29 |     4 |    20 ||    59
       Leather armour    |       |       |    74 |    32 ||   106
Dodge: Dodged            |    36 |   162 |   345 |   323 ||   866

Table legend: (Time is in decaauts)
 A = Elapsed time spent in this place.
 B = Non-inter-level travel time spent in this place.
 C = Inter-level travel time spent in this place.
 D = Time resting spent in this place.
 E = Time spent auto-exploring this place.
 F = Levels seen in this place.
 G = Mean time per level.
                   A        B        C        D        E       F      G
               +--------+--------+--------+--------+--------+-----+--------+
         Total |  14696 |  13659 |   1037 |   2161 |   8905 |  12 | 1224.7 |
       Dungeon |  13789 |  12752 |   1037 |   2160 |   8230 |  10 | 1378.9 |
         Abyss |    306 |    306 |      0 |      0 |    264 |   1 |  306.0 |
       Ossuary |    600 |    600 |      0 |      1 |    411 |   1 |  600.0 |
               +--------+--------+--------+--------+--------+-----+--------+

Top non-repeatable levels by time:
     D:9: 2221 daAuts
     D:7: 2120 daAuts
     D:2: 1790 daAuts
     D:4: 1740 daAuts
     D:6: 1666 daAuts
     D:5: 1422 daAuts
     D:1: 1097 daAuts
    D:10: 1008 daAuts
 Ossuary: 600 daAuts
     D:3: 469 daAuts
 Abyss:1: 306 daAuts
     D:8: 253 daAuts
